 Dungeon Crawl Stone Soup version 0.17.0-26-gececa24 (webtiles) character file.

478 Arkorax the Ruffian (level 6, -5/65 HPs)
             Began as a Troll Monk on Nov 19, 2015.
             Slain by Crazy Yiuf
             ... wielding a +3 quarterstaff of chaos
              (8 damage)
             ... on level 3 of the Dungeon.
             The game lasted 00:04:20 (1847 turns).

Arkorax the Ruffian (Troll Monk)                    Turns: 1847, Time: 00:04:20

Health: -5/65      AC:  6    Str: 21    XL:     6   Next: 86%
Magic:  5/5        EV: 10    Int:  6    God:
Gold:   148        SH:  0    Dex: 13    Spells: 0 memorised, 5 levels left

rFire  . . .     SeeInvis .       - Unarmed
rCold  . . .     Clarity  .     a - +0 robe
rNeg   . . .     SustAt   .     (no shield)
rPois  .         Gourm    +     (helmet restricted)
rElec  .         Spirit   .     x - +0 cloak
rCorr  .         Warding  .     (gloves unavailable)
rMut   +         Stasis   .     (boots unavailable)
MR     .....                    v - amulet of resist mutation
Stlth  +.........               (no ring)
                                (no ring)

@: confused, lethally poisoned (-5 -> -24), drained, not resistant to hostile
enchantments, very unstealthy
A: unfitting armour, claws 3, fast metabolism 3, gourmand, regeneration 2,
shaggy fur 1, tough skin 2
a: no special abilities


You were on level 3 of the Dungeon.
You were very full.

You visited 1 branch of the dungeon, and saw 3 of its levels.

You collected 148 gold pieces.

Inventory:

Missiles
 f - 8 curare-tipped needles
 u - 44 poisoned needles
Armour
 a - a +0 robe (worn)
 x - a +0 cloak (worn)
Jewellery
 v - an amulet of resist mutation (around neck)
Wands
 p - a wand of polymorph (8)
Scrolls
 c - a scroll of teleportation {unknown}
 h - a scroll of immolation {unknown}
 i - 3 scrolls of remove curse {unknown}
 m - a scroll of fog {unknown}
 n - 5 scrolls of identify {unknown}
 s - a scroll of amnesia {unknown}
Potions
 e - 2 potions of lignification {unknown}
 j - a potion of ambrosia
 o - a potion of curing {unknown}
 q - a potion of haste {unknown}
 r - a potion of heal wounds {unknown}
 t - a potion of poison
 w - a potion of mutation {unknown}
 z - a potion of cancellation {unknown}
Comestibles
 b - 2 bread rations
 d - 3 meat rations
 g - 3 beef jerkies
 k - 3 chunks of flesh
 l - 2 slices of pizza


   Skills:
 * Level 4.9(4.7) Fighting
 - Level 2.4(2.1) Dodging
 - Level 1.1(0.9) Stealth
 + Level 6.4(6.1) Unarmed Combat


You had 5 spell levels left.
You didn't know any spells.

Dungeon Overview and Level Annotations

Branches:
Dungeon (3/15)

Altars:
Elyvilon
Nemelex Xobeh
Ru

Annotations:
D:3 Crazy Yiuf


Innate Abilities, Weirdness & Mutations

You are too large for most types of armour.
You have claws for hands.
Your metabolism is lightning-fast.
You like to eat raw meat.
You heal very quickly.
You are covered in fur (AC +1).
You have very tough skin (AC +2).


Message History

Crazy Yiuf hits you with a quarterstaff of chaos.
* * * LOW HITPOINT WARNING * * *
You feel drained.
* * * LOW HITPOINT WARNING * * *
You're too confused to move!
Crazy Yiuf hits you with a quarterstaff of chaos.
* * * LOW HITPOINT WARNING * * *
Crazy Yiuf burns you.
* * * LOW HITPOINT WARNING * * *
You bump into the stone wall.
Crazy Yiuf hits you with a quarterstaff of chaos!
* * * LOW HITPOINT WARNING * * *
You are lethally poisoned!
Drink which item? (? for menu, Esc to quit)
It was a potion of poison.
That liquid tasted very nasty...
You are more poisoned.
* * * LOW HITPOINT WARNING * * *
You feel very sick.
Crazy Yiuf hits you with a quarterstaff of chaos!
You die...

##...##
##.....#
#[......
#####
#####.......
#)..#
#........>..
#...#
#####.......
... #.......
#g#
######.....#
♣@♣♣
#.........##
♣♣.♣
#.#########
♣.♣♣ #.#
♣♣.♣ #.#
♣♣.♣♣ #.#
♣♣...♣ #.#
♣....♣ #.#
#....# #.#
#....###.#


You could see Crazy Yiuf.

Vanquished Creatures
  Grinder (D:3)
  Sigmund (D:2)
  4 adders
  A gnoll (D:1)
  2 oozes (D:1)
  A worm (D:2)
  5 orcs (D:3)
  2 ball pythons
  2 giant cockroaches
  6 goblins
  7 hobgoblins
  8 bats
  2 giant geckos
  A giant newt (D:1)
  10 jackals
  6 kobolds
  A quokka (D:3)
  10 rats
70 creatures vanquished.

Notes
Turn   | Place    | Note
--------------------------------------------------------------
     0 | D:1      | Arkorax the Troll Monk began the quest for the Orb.
     0 | D:1      | Reached XP level 1. HP: 22/22 MP: 0/0
   279 | D:1      | Reached XP level 2. HP: 26/29 MP: 1/1
   412 | D:1      | Reached XP level 3. HP: 22/37 MP: 2/2
   911 | D:2      | Noticed Sigmund
   912 | D:2      | Found a white marble altar of Elyvilon.
   976 | D:2      | Reached XP level 4. HP: 43/45 MP: 3/3
  1031 | D:2      | Reached skill level 5 in Unarmed Combat
  1226 | D:2      | Killed Sigmund
  1226 | D:2      | Reached XP level 5. HP: 11/54 MP: 4/4
  1511 | D:3      | Found a sacrificial altar of Ru.
  1512 | D:3      | Found a sparkling altar of Nemelex Xobeh.
  1595 | D:3      | Reached XP level 6. HP: 62/62 MP: 5/5
  1600 | D:3      | Noticed Grinder
  1623 | D:3      | Paralysed by Grinder for 3 turns
  1634 | D:3      | Paralysed by Grinder for 4 turns
  1648 | D:3      | Paralysed by Grinder for 5 turns
  1659 | D:3      | Killed Grinder
  1659 | D:3      | Reached skill level 6 in Unarmed Combat
  1832 | D:3      | Noticed Crazy Yiuf
  1835 | D:3      | Paralysed by Crazy Yiuf for 6 turns
  1846 | D:3      | HP: 1/65 [Crazy Yiuf/quarterstaff of chaos (9)]
  1847 | D:3      | Slain by Crazy Yiuf

Action                   |  1- 3 |  4- 6 || total
-------------------------+-------+-------++-------
Melee: Unarmed           |    83 |    93 ||   176
  Use: Potion            |       |     3 ||     3
 Stab: Sleeping          |     1 |     1 ||     2
  Eat: Chunk             |    14 |     8 ||    22
